 Dungeon Crawl Stone Soup version 0.20.1-1-g8b1a95d (webtiles) character file.

569 letownia2 the Reanimator (level 7, 11/55 HPs)
             Began as a Deep Dwarf Necromancer on Nov 1, 2017.
             Quit the game on level 5 of the Dungeon.
             The game lasted 00:08:01 (2871 turns).

letownia2 the Reanimator (Deep Dwarf Necromancer)   Turns: 2871, Time: 00:08:01

Health: 11/55      AC:  5    Str: 13    XL:     7   Next: 11%
Magic:  2/11       EV: 11    Int: 16    God:
Gold:   119        SH:  0    Dex: 13    Spells: 8/12 levels left

rFire    . . .     SeeInvis .   a - +0 dagger
rCold    . . .     Gourm    .   (no shield)
rNeg     . . .     Faith    .   t - +0 ring mail
rPois    .         Spirit   .   (no helmet)
rElec    .         Reflect  .   (no cloak)
rCorr    .         Harm     .   (no gloves)
MR       +....                  (no boots)
Stlth    +.........             (no amulet)
Regen    0.0/turn               (no ring)
MPRegen  0.2/turn               (no ring)

@: mildly poisoned (11 -> 11), very slightly contaminated, non-regenerating
A: damage resistance, heal wounds, sense surroundings 1, no regeneration
a: Heal Wounds


You were on level 5 of the Dungeon.
You were very hungry.

You visited 1 branch of the dungeon, and saw 5 of its levels.

You collected 119 gold pieces.

Inventory:

Hand Weapons
 a - a +0 dagger (weapon)
 c - a +0 blowgun
 j - a cursed -3 dagger
 x - a cursed -2 hand axe
Missiles
 k - 28 poisoned needles
 u - a throwing net (quivered)
Armour
 n - a +0 leather armour
 t - a +0 ring mail (worn)
Wands
 m - a wand of iceblast (3/15)
 y - a wand of enslavement (11/24)
Scrolls
 e - a scroll of fear {unknown}
 f - 2 scrolls of noise {unknown}
 h - 2 scrolls of identify {unknown}
 l - a scroll of remove curse {unknown}
 o - 2 scrolls of random uselessness {unknown}
 r - 2 scrolls of teleportation {unknown}
 s - a scroll of amnesia {unknown}
Potions
 d - 2 potions of heal wounds {unknown}
 g - 2 potions of might {unknown}
 p - a potion of magic {unknown}
 v - a potion of mutation {unknown}
Books
 b - a book of Necromancy

   Spells                             Type                      Level
   a - Pain                           Necromancy                   1
   b - Animate Skeleton               Necromancy                   1
   c - Vampiric Draining              Necromancy                   3
   d - Regeneration                   Charms/Necromancy            3
   e - Animate Dead                   Necromancy                   4
   f - Control Undead                 Necromancy                   4
Comestibles
 i - a bread ration
 q - 2 meat rations
 w - a chunk of flesh


   Skills:
 + Level 2.8 Armour
 - Level 2.1 Dodging
 - Level 2.4 Stealth
 + Level 3.3 Spellcasting
 - Level 8.1 Necromancy


You had 8 spell levels left.
You knew the following spells:

 Your Spells              Type           Power        Failure   Level  Hunger
a - Pain                  Necr           ####         1%          1    None
v - Vampiric Draining     Necr           ####......   4%          3    ###....


Dungeon Overview and Level Annotations

Branches:
Dungeon (5/15)
 Temple: D:4-7

Altars:
Nemelex Xobeh
Ru
Sif Muna

Shops:
D:4 *

Annotations:
D:5 Television's ghost, novice OgVM


Innate Abilities, Weirdness & Mutations

You are resistant to damage.
You can heal yourself by infusing magical energy.
You passively map a small area around you.
You do not regenerate.


Message History

You don't know that spell.
You barely miss the orc wizard.
The orc wizard is almost dead.
The orc wizard hits you but does no damage.
The orc hits you with a whip.
* * * LOW HITPOINT WARNING * * *
Casting: Vampiric Draining
Confirm with . or Enter, or press ? or * to list all spells.
Aiming: Pain
Press: ? - help, Shift-Dir - straight line, f/p - orc wizard
Aim: an orc wizard, wielding a dagger and wearing a robe (almost dead, chance to defeat MR: 84%)
The orc wizard writhes in agony!
You kill the orc wizard!
The orc hits you but does no damage. x2
Unknown command.
You aren't carrying any pieces of jewellery.
Unknown command.
Wear which item? (? for menu, Esc to quit)
Okay, then.
Are you sure you want to abandon this character and quit the game? (Confirm with "yes".)

#....##### #.#... , #
#.⌠.⌠#...###.#.#####.#
#.._.W....#..........
##⌠.⌠......5.......#
##.......#.W...##.#?#,
####...###.#5W.....#,
##### #W##o##..%., *
#.##o# *## #o##@# *,
#.##)# #.##.. , * ##
#.##### ###########
.## #.# #.........#
..## #.# #.#######.#
...####### #.# ####.#
#.# .........# ##.##
#....##### #.#
...#####.###...##
#.#.<....# #.#


You could see Television's ghost, a crimson imp and 2 orcs.

Vanquished Creatures
  2 ogres (D:4)
  A scorpion (D:4)
  A bullfrog skeleton (D:5)
  A hound (D:5)
  An orc priest (D:5)
  2 orc wizards (D:5)
  Ijyb (D:4)
  Natasha (twice) (D:3)
  2 worker ants (D:5)
  A howler monkey skeleton (D:5)
  5 adders
  An ooze (D:4)
  A worm (D:3)
  A leopard gecko (D:4)
  5 orcs
  A ball python (D:3)
  4 giant cockroaches
  A hobgoblin (D:3)
  A quokka (D:4)
  A frilled lizard (D:5)
  4 kobolds
  5 rats (D:1)
44 creatures vanquished.

Notes
Turn   | Place    | Note
-------+----------+-------------------------------------------
     0 | D:1      | letownia2 the Deep Dwarf Necromancer began the quest for the Orb.
     0 | D:1      | Reached XP level 1. HP: 15/15 MP: 3/3
   293 | D:2      | Reached XP level 2. HP: 17/22 MP: 0/5
   378 | D:4      | Reached skill level 5 in Necromancy
   468 | D:4      | Reached XP level 3. HP: 22/28 MP: 2/6
   473 | D:4      | Learned a level 3 spell: Vampiric Draining
   507 | D:4      | Noticed an ogre
   586 | D:3      | Noticed Natasha
   601 | D:3      | Killed Natasha
   817 | D:3      | Found a sacrificial altar of Ru.
   844 | D:3      | Noticed Natasha
   847 | D:3      | Killed Natasha
   847 | D:3      | Reached XP level 4. HP: 28/36 MP: 3/7
   986 | D:3      | Reached skill level 6 in Necromancy
  1142 | D:4      | Noticed an ogre
  1165 | D:4      | Killed an ogre
  1165 | D:4      | Reached XP level 5. HP: 35/42 MP: 0/8
  1301 | D:4      | Reached skill level 7 in Necromancy
  1467 | D:4      | Noticed Ijyb
  1480 | D:4      | Killed Ijyb
  1549 | D:4      | Found Imakicux's Assorted Antiques.
  1772 | D:4      | Killed an ogre
  1772 | D:4      | Reached skill level 8 in Necromancy
  1772 | D:4      | Reached XP level 6. HP: 47/49 MP: 5/9
  1948 | D:4      | Found a deep blue altar of Sif Muna.
  2071 | D:5      | Entered Level 5 of the Dungeon
  2222 | D:5      | Reached skill level 1 in Armour
  2599 | D:5      | Found a sparkling altar of Nemelex Xobeh.
  2663 | D:5      | Reached XP level 7. HP: 43/55 MP: 0/11
  2733 | D:5      | Noticed Television's ghost (novice OgVM)
  2871 | D:5      | Quit the game

Skill      XL: |  1  2  3  4  5  6 |
---------------+-------------------+-----
Spellcasting   | 2 3 |  3.3
Necromancy     | 5 6 8 |  8.1
Armour         | 2 |  2.8
Dodging        | |  2.1
Stealth        | |  2.4

Action                   |  1- 3 |  4- 6 |  7- 9 || total
-------------------------+-------+-------+-------++-------
Melee: Dagger            |    11 |    26 |    25 ||    62
 Fire: Blowgun           |    10 |    21 |       ||    31
 Cast: Pain              |    30 |    58 |     2 ||    90
       Vampiric Draining |     4 |     8 |     5 ||    17
Evoke: Wand              |       |       |     2 ||     2
  Eat: Chunk             |     1 |     7 |       ||     8
Armor: Robe              |     2 |       |       ||     2
       Ring mail         |       |    12 |    27 ||    39
Dodge: Dodged            |     9 |    28 |    24 ||    61
